 Dungeon Crawl Stone Soup version 0.29.1-2-gbd0b4ee654 (webtiles) character file.

Game seed: 10904379256064155534

146 Arcadio the Magician (level 5, -6/28 HPs)
             Began as a Deep Elf Venom Mage on Nov 6, 2022.
             Mangled by an iguana (11 damage)
             ... on level 4 of the Dungeon on Nov 16, 2022.
             The game lasted 00:15:54 (3898 turns).

Arcadio the Magician (Deep Elf Venom Mage)          Turns: 3898, Time: 00:15:55

Health: -6/28      AC:  3    Str:  5    XL:     5   Next: 7%
Magic:  10/14      EV: 13    Int: 28    God:
Gold:   144        SH:  0    Dex: 15    Spells: 1/13 levels left

rFire   . . .      SeeInvis .   i - +0 dagger
rCold   + . .      Faith    .   (no shield)
rNeg    . . .      Spirit   .   a - +0 robe
rPois   .          Reflect  .   (no helmet)
rElec   .          Harm     .   f - +0 cloak
rCorr   .          Rampage  .   (no gloves)
Will    .....                   (no boots)
Stlth   ++........              (no amulet)
HPRegen 0.09/turn               c - +6 ring of intelligence
MPRegen 0.14/turn               k - ring of protection from cold

@: on blink cooldown
A: no striking features
a: no special abilities


You were on level 4 of the Dungeon.
You visited 1 branch of the dungeon, and saw 4 of its levels.

You collected 144 gold pieces.

Inventory:

Hand Weapons
 e - a +0 mace
 i - a +0 dagger (weapon)
Armour
 a - a +0 robe (worn)
 f - a +0 cloak (worn)
 m - a +0 kite shield
Jewellery
 c - a +6 ring of intelligence (left hand)
 k - a ring of protection from cold (right hand)
 p - a +4 ring of slaying
Scrolls
 h - a scroll of summoning {unknown}
 j - a scroll of noise {unknown}
 l - a scroll of magic mapping {unknown}
 n - 2 scrolls of teleportation {unknown}
 o - a scroll of silence {unknown}
 q - a scroll of fear {unknown}
 u - 2 scrolls of acquirement {unknown}
Potions
 b - 2 potions of magic
 d - 2 potions of mutation
 g - a potion of curing
 r - 2 potions of ambrosia
 s - a potion of heal wounds {unknown}
 t - a potion of attraction {unknown}


   Skills:
 + Level 4.1 Dodging
 - Level 2.4 Stealth
 + Level 4.7 Spellcasting
 - Level 1.1 Transmutations
 + Level 4.5 Poison Magic


You had one spell level left.
You knew the following spells:

 Your Spells              Type           Power      Damage    Failure   Level
a - Sting                 Tmut/Pois      88%        1d7       2%          1
b - Poisonous Vapours     Pois/Air       38%        N/A       4%          2
c - Mephitic Cloud        Conj/Pois/Air  15%        N/A       11%         3
d - Olgreb's Toxic Radia  Pois           32%        N/A       11%         4
e - Blink                 Tloc           12%        N/A       11%         2

Your spell library contained the following spells:

 Spells                   Type           Power      Damage    Failure   Level
 Beastly Appendage        Tmut           24%        N/A       4%          1
 Slow                     Hex            24%        N/A       7%          1
 Summon Small Mammal      Summ           24%        N/A       7%          1
 Spider Form              Tmut/Pois      22%        N/A       6%          3
 Wereblood                Tmut           12%        N/A       7%          2
 Ignite Poison            Fire/Tmut/Pois 17%        N/A       10%         3
 Call Canine Familiar     Summ           6%         N/A       21%         3
 Confusing Touch          Hex            6%         N/A       21%         3
 Lesser Beckoning         Tloc           6%         N/A       21%         3
 Summon Guardian Golem    Hex/Summ       6%         N/A       21%         3
 Vampiric Draining        Necr           6%         2d6       21%         3
 Freezing Cloud           Conj/Ice/Air   3%         6-21      88%         5
 Iskenderun's Battlesphe  Conj           6%         2d6       88%         5
 Manifold Assault         Tloc           6%         N/A       88%         5
 Iron Shot                Conj/Erth      3%         9d2       100%        6
 Spellforged Servitor     Conj/Summ      3%         N/A       100%        7


Dungeon Overview and Level Annotations

Branches:
Dungeon (4/15) Zot: 20092
 Temple: D:4-7

Altars:
Vehumet

Shops:
D:2 (


Message History

Your life force feels restored.
You now have 144 gold pieces (gained 8).
Found a cloak.
You see here a +0 cloak.
f - a +0 cloak You start putting on your armour.
You continue putting on your +0 cloak. x4
You finish putting on your +0 cloak.
v - a scroll of identify
As you read the scroll of identify, it crumbles to dust.
g - a potion of curing
Found a robe.
You see here a +0 robe.
You see here a +0 robe.
A dart slug and an iguana come into view.
The iguana hisses angrily.
Casting: Sting (safe; 2% risk of failure)
Confirm with . or Enter, or press ? or * to list all spells.
Aiming: Sting (safe; 2% risk of failure)
Press: ? - help, Shift-Dir - straight line, f - iguana
Aim: an iguana (79% to hit)
The sting hits the iguana but does no damage.
The iguana is poisoned.
The iguana attacks as you move away! The iguana bites you.
There is a stone staircase leading up here.
Casting: Sting (safe; 2% risk of failure)
Confirm with . or Enter, or press ? or * to list all spells.
Aiming: Sting (safe; 2% risk of failure)
Press: ? - help, Shift-Dir - straight line, f/p - iguana
Aim: an iguana (lightly wounded, poisoned, 79% to hit)
The sting hits the iguana but does no damage.
The iguana looks even sicker.
The iguana is lightly wounded.
The iguana bites you!
Casting: Sting (safe; 2% risk of failure)
Confirm with . or Enter, or press ? or * to list all spells.
You blink.
The iguana bites you!
* * * LOW HITPOINT WARNING * * *
Okay, then.
The iguana attacks as you move away! The iguana bites you!
You die...

[..# #############...####
## #.......##.........#
.######.#####.##).<......
..............##.........
.######.#####.# #.#...#
## #...# #.# #ยง#...# #
###.#.####.###l#...# #
#.[.#...#.#..@..w.# #
#.#####...............# #
#...#...######.##.###.. #
###.#.### #.# ..! #
####...# #.. ... #
#....<## .... ....# #
#.###.# ##### #.## # #.#
#.# .# # #.# #.# #


You could see an iguana (very poisoned) and a dart slug.

Vanquished Creatures
  Jessica (D:2)
  An orc wizard (D:3)
  3 adders (D:2)
  3 worms (D:2)
  3 dart slugs
  2 orcs (D:3)
  2 ball pythons
  2 endoplasms (D:3)
  3 giant cockroaches
  5 goblins
  6 hobgoblins
  4 jackals (D:3)
  2 quokkas (D:2)
  3 bats
  2 frilled lizards
  5 kobolds
  4 rats
51 creatures vanquished.

Notes
Turn   | Place    | Note
-------+----------+-------------------------------------------
     0 | D:1      | Arcadio the Deep Elf Venom Mage began the quest for the
                  | Orb.
     0 | D:1      | Reached XP level 1. HP: 10/10 MP: 6/6
    36 | D:1      | Found a faded altar of an unknown god.
   795 | D:1      | Reached XP level 2. HP: 15/15 MP: 5/8
   846 | D:1      | Learned a level 2 spell: Poisonous Vapours
   880 | D:2      | Found Lirphiy's Antique Weapon Shop.
  1346 | D:2      | Reached XP level 3. HP: 14/19 MP: 6/10
  1477 | D:2      | Noticed Jessica
  1494 | D:2      | Killed Jessica
  1659 | D:2      | Reached XP level 4. HP: 24/24 MP: 10/12
  1663 | D:2      | Learned a level 3 spell: Mephitic Cloud
  1668 | D:2      | Learned a level 4 spell: Olgreb's Toxic Radiance
  3041 | D:3      | Found a radiant altar of Vehumet.
  3209 | D:3      | Reached XP level 5. HP: 28/28 MP: 8/14
  3301 | D:3      | Learned a level 2 spell: Blink
  3898 | D:4      | Mangled by an iguana

Illustrated notes

Levels and vault maps discovered:
D:1:      enne_arrival_octagon_isle, layout_basic, basic_ecumenical_altar
D:2:      layout_basic, serial_shops, shop, minmay_misc_feat_square,
          uniq_jessica
D:3:      layout_loops_ring, nicolae_overflow_hidden_temple, serial_rivers,
          chequers_serial_rivers_micro_d, chequers_serial_rivers_micro_d,
          chequers_serial_rivers_room_b, chequers_serial_rivers_micro_c,
          chequers_serial_rivers_room_a
D:4:      layout_loops_ring, eat_drink_and_be_merry_uskayaw,
          kennysheep_mini_moat, marbit_many_paths, temple_doors_e, uniq_sigmund

Skill      XL: |  1  2  3  4 |
---------------+-------------+-----
Dodging        | 3 4 |  4.1
Spellcasting   | 4 |  4.7
Poison Magic   | 4 |  4.5
Stealth        | |  2.4
Transmutations | |  1.1

Action                   |  1- 3 |  4- 6 || total
-------------------------+-------+-------++-------
Melee: Mace              |     3 |       ||     3
       Dagger            |    11 |    27 ||    38
 Cast: Sting             |    27 |    52 ||    79
       Poisonous Vapours |     1 |     7 ||     8
       Blink             |       |     4 ||     4
  Use: Scroll            |       |     3 ||     3
 Stab: Sleeping          |       |     3 ||     3
Armor: Robe              |     3 |     4 ||     7
Dodge: Dodged            |    11 |    21 ||    32
